AoeStats
← A

Team Islands

503241277Analyzed
4v4 RM · 1mo ago on Aug 30, 2026· 44m 11s· 8 players
Game mode
Random Map
Map size
242×242
Population
200
Speed
Normal
Resources
Standard
Victory
Conquest
Starting age
Dark Age
Ending age
Imperial Age
RankedLock teamsTeams togetherTeam positionsShared explorationLock speedFull tech treeHidden civsTurbo modeCheats
Victory
Defeat
🇨🇴 Ethiopians · Colombia
1077
+15
🇹🇷 Poles · Türkiye
1070
+16
🇬🇧 Dravidians · United Kingdom
1023
+18
🇵🇱 Britons · Poland
987
+20
🇲🇽 Vikings · Mexico
1122
-20
🇩🇪 Wu · Germany
1061
-17
🇨🇴 Italians · Colombia
1059
-17
🇲🇽 Cumans · Mexico
1021
-15
Olli
9:14 Loom
11:00 Feudal Age
12:17 Double-Bit Axe
12:15 Fishing Lines
16:42 Castle Age
15:19 Gold Mining
17:55 Gillnets
18:35 Bow Saw
18:56 Medium Warships
19:08 Clinker Construction
19:08 Siphons
23:43 Gold Shaft Mining
26:55 Imperial Age
24:59 Squires
26:17 Scale Mail Armor
30:23 Chain Mail Armor
30:24 Forging
37:08 Conscription
43:32 Wheelbarrow
44:33 Plate Mail Armor
44:39 Iron Casting
Cabo
0:58 Loom
8:04 Loom
10:21 Feudal Age
14:19 Castle Age
12:21 Double-Bit Axe
14:08 Horse Collar
15:11 Bow Saw
21:04 Gold Mining
21:26 Heavy Plow
23:16 Wheelbarrow
23:37 Stone Mining
24:58 Stone Shaft Mining
26:16 Hand Cart
29:08 Imperial Age
27:02 Ballistics
26:50 Treadmill Crane
27:21 Masonry
27:40 Fletching
27:50 Padded Archer Armor
28:08 Murder Holes
28:24 Fortified Wall
28:24 Bodkin Arrow
30:35 Bracer
30:51 Leather Archer Armor
31:42 Chemistry
31:29 Architecture
33:11 Conscription
39:56 Ring Archer Armor
Lynnage4518
0:27 Loom
16:02 Feudal Age
18:04 Wheelbarrow
17:18 Double-Bit Axe
17:15 Horse Collar
18:03 Town Watch
22:31 Gold Mining
22:54 Padded Archer Armor
22:44 Fletching
25:30 Stone Mining
29:43 Castle Age
30:12 Scale Barding Armor
30:17 Forging
31:06 Bloodlines
34:12 Heavy Plow
35:02 Hand Cart
36:25 Town Patrol
36:36 Bow Saw
37:02 Gold Shaft Mining
37:08 Medium Warships
36:21 Demolition Ship
37:14 Steppe Husbandry
38:48 Light Cavalry
39:29 Pikeman
40:10 Squires
39:55 Arson
40:41 Scale Mail Armor
41:01 Chain Barding Armor
41:16 Iron Casting
42:05 Iron Casting
41:45 Chain Mail Armor
Sr_Pika_mx
12:21 Feudal Age
12:52 Fishing Lines
13:09 Double-Bit Axe
15:19 Gold Mining
18:07 Castle Age
17:12 Fletching
19:34 Bodkin Arrow
20:01 Bow Saw
20:30 Careening
20:54 Loom
22:10 Gillnets
22:51 Medium Warships
27:27 Town Watch
28:54 Town Patrol
29:44 Treadmill Crane
34:25 Imperial Age
32:33 Forging
33:10 Scale Mail Armor
35:55 Conscription
36:43 Iron Casting
37:35 Chain Mail Armor
38:46 Bracer
DMarrett13
11:44 Feudal Age
13:24 Double-Bit Axe
15:42 Castle Age
14:18 Fletching
15:29 Gold Mining
16:17 Wheelbarrow
16:49 Medium Warships
17:08 Bodkin Arrow
30:03 Imperial Age
28:12 Bow Saw
28:21 Hand Cart
31:53 Bracer
32:33 Clinker Construction
32:39 Careening
32:39 Clinker Construction
34:10 Chemistry
36:54 Ballistics
37:21 Heated Shot
40:17 Two-Man Saw
39:05 Loom
39:04 Horse Collar
40:07 Conscription
41:44 Elite Cannon Galleon
Majfon
11:59 Feudal Age
17:02 Castle Age
17:03 Horse Collar
17:11 Double-Bit Axe
19:01 Wheelbarrow
17:48 Crossbowman
18:49 Fletching
20:09 Padded Archer Armor
24:15 Ballistics
25:09 Leather Archer Armor
24:56 Bodkin Arrow
25:58 Gold Mining
25:59 Stone Mining
30:36 Yeomen
34:14 Murder Holes
36:04 Hand Cart
38:23 Imperial Age
37:45 Gold Shaft Mining
37:00 Stone Mining
37:14 Pikeman
39:23 Elite Longbowman
40:24 Conscription
39:44 Elite Longbowman
41:45 Chemistry
42:19 Hand Cart
43:24 Cavalier
44:04 Husbandry
44:12 Bracer
44:42 Ring Archer Armor
44:18 Heavy Plow
Gilber
11:14 Feudal Age
15:31 Castle Age
14:28 Double-Bit Axe
16:54 Horse Collar
24:01 Wheelbarrow
24:56 Town Watch
25:45 Bow Saw
29:52 Imperial Age
27:56 Gold Mining
28:24 Hand Cart
28:10 Town Patrol
29:36 Forging
29:27 Scale Mail Armor
30:18 Caravan
32:09 Chemistry
31:55 Iron Casting
31:36 Chain Mail Armor
31:29 Loom
31:27 Elite Shotel Warrior
33:15 Royal Heirs
33:36 Conscription
34:18 Blast Furnace
33:57 Squires
33:18 Halberdier
33:44 Arson
36:00 Gold Shaft Mining
35:22 Murder Holes
36:42 Plate Mail Armor
38:18 Siege Engineers
38:24 Masonry
A
13:37 Feudal Age
16:41 Double-Bit Axe
19:03 Castle Age
17:23 Fishing Lines
17:31 Fishing Lines
18:13 Fletching
19:37 Demolition Ship
21:09 Bodkin Arrow
22:22 Medium Warships
22:32 Bow Saw
23:38 Ballistics
24:31 Gillnets
24:38 Stone Mining
25:14 Gold Mining
25:26 Horse Collar
27:29 Heavy Plow
28:44 Wheelbarrow
33:14 Imperial Age
31:02 Hand Cart
31:09 Forging
33:32 Iron Casting
33:03 Scale Barding Armor
33:25 Capped Ram
37:48 Chemistry
36:20 Siege Ram
37:45 Szlachta Privileges
39:15 Caravan
40:10 Stone Shaft Mining
40:04 Conscription
41:38 Lechitic Legacy
41:23 Light Cavalry
42:13 Bloodlines
42:03 Husbandry
Connection lost

Rejoining the realm…

Still unreachable

The connection could not be restored.

Session expired

The server has moved on; the page needs a fresh start.